 Dungeon Crawl Stone Soup version 0.19.3-1-g3169bf9 (webtiles) character file.

60103 Gargoyl the Cleaver (level 14, -2/122 HPs)
             Began as a Ghoul Abyssal Knight on Jan 24, 2017.
             Was the Champion of Lugonu.
             Slain by a skeletal warrior
             ... wielding a +0 war axe
             ... led by a skeletal warrior
              (10 damage)
             ... on level 12 of the Dungeon.
             The game lasted 00:45:22 (16394 turns).

Gargoyl the Cleaver (Ghoul Abyssal Knight)         Turns: 16394, Time: 00:45:22

Health: -2/122     AC: 30    Str: 21    XL:     14   Next: 98%
Magic:  22/22      EV:  5    Int:  9    God:    Lugonu [******]
Gold:   1456       SH: 18    Dex: 14    Spells: 0 memorised, 13 levels left

rFire  + . .     SeeInvis .     W - +1 broad axe (venom)
rCold  + . .     Gourm    .     f - +7 plate armour "Cioriutz" {*Contam rN++ Regen+ Int+2}
rNeg   + + +     Faith    .     M - +0 large shield
rPois  ∞         Spirit   .     x - +1 helmet
rElec  .         Reflect  +     b - +2 cloak
rCorr  .         Harm     .     (no gloves)
MR     ++...                    r - +0 pair of boots {Stlth+}
Stlth  ..........               S - amulet "Odij" {Reflect Dex+4 SH+4}
                                h - ring of protection from magic
                                m - ring "Cagum" {rPois rF+ Str+2}

@: rotting
A: rotting body, claws 1, carnivore 3, cold resistance 1, negative energy
resistance 3, slow regeneration 1, torment resistance, unbreathing
a: Depart the Abyss, Bend Space, Banish, Corrupt, Enter the Abyss, Brand Weapon
With Distortion, Renounce Religion


You were on level 12 of the Dungeon.
You worshipped Lugonu.
Lugonu was exalted by your worship.
You were not hungry.

You visited 2 branches of the dungeon, and saw 18 of its levels.
You visited the Abyss 1 time.
You also visited: Ice Cave.

You collected 1526 gold pieces.
You spent 70 gold pieces at shops.

Inventory:

Hand Weapons
 e - a +1 broad axe of draining
 s - a +3 hand axe of freezing
 E - a cursed +1 hand axe
 W - a +1 broad axe of venom (weapon)
Missiles
 u - 2 tomahawks of returning (quivered)
 X - 3 javelins
Armour
 b - a +2 cloak (worn)
 f - the +7 plate armour "Cioriutz" (worn) {*Contam rN++ Regen+ Int+2}
   (You found it on level 2 of the Abyss)

   It affects your intelligence (+2).
   It greatly protects you from negative energy.
   It causes magical contamination when unequipped.
   It increases your rate of regeneration.
 r - a +0 pair of boots of stealth (worn)
 x - a +1 helmet (worn)
 M - a +0 large shield (worn)
Jewellery
 h - a ring of protection from magic (right claw)
 k - an uncursed amulet of regeneration
 m - the ring "Cagum" (left claw) {rPois rF+ Str+2}
   (You found it on level 11 of the Dungeon)

   [ring of protection from fire]

   It affects your strength (+2).
   It protects you from fire.
   It protects you from poison.
 S - the amulet "Odij" (around neck) {Reflect Dex+4 SH+4}
   (You found it in an ice cave)

   [amulet of reflection]

   It shields you and reflects attacks.
   It affects your dexterity (+4).
   It affects your SH (+4).
Wands
 A - a wand of iceblast (7/15)
 C - a wand of lightning (3/15)
 N - a wand of teleportation (8/9)
Scrolls
 g - 4 scrolls of blinking
 i - 7 scrolls of remove curse
 l - 11 scrolls of teleportation
 t - a scroll of fear
 D - a scroll of identify
 J - 2 scrolls of recharging
Potions
 j - a potion of magic
 o - 2 potions of curing
 p - 3 potions of ambrosia
 q - 6 potions of heal wounds
 v - 4 potions of agility
 w - a potion of might
 U - 2 potions of flight
Books
 y - a book of Minor Magic

   Spells                             Type                      Level
   a - Magic Dart                     Conjuration                  1
   b - Blink                          Translocation                2
   c - Call Imp                       Summoning                    2
   d - Repel Missiles                 Charms/Air                   2
   e - Slow                           Hexes                        2
   f - Conjure Flame                  Conjuration/Fire             3
   g - Mephitic Cloud                 Conjuration/Poison/Air       3
Comestibles
 c - 5 meat rations
 d - 3 royal jellies
 n - 4 beef jerkies
 B - 2 slices of pizza


   Skills:
 + Level 10.5 Fighting
 + Level 13.3 Axes
 + Level 3.4 Throwing
 * Level 12.5 Armour
 + Level 4.4 Dodging
 + Level 3.7 Shields
 * Level 12.7 Invocations
 + Level 3.3 Evocations


You had 13 spell levels left.
You didn't know any spells.

Dungeon Overview and Level Annotations

Branches:
Dungeon (12/15)            Temple (0/1) D:4            Lair (6/6) D:8
 Shoals (0/4) Lair:3       Spider (0/4) Lair:3        Slime (0/5) Lair:5
    Orc: D:9-12

Altars:
Cheibriados
Elyvilon
Fedhas
Gozag
Makhleb
Qazlal
Ru
Vehumet

Shops:
D:6 *   D:10 %

Portals:
Trove: D:11 (give 17 potions of curing)


Innate Abilities, Weirdness & Mutations

Your body is rotting away.
You thrive on raw meat.
You are immune to poison.
You have sharp fingernails.
You are carnivorous and can eat meat at any time.
Your flesh is cold resistant. (rC+)
You are immune to negative energy. (rN+++)
You regenerate slowly when monsters are visible.
You are immune to unholy pain and torment.
You can survive without breathing.


Message History

You hit the skeletal warrior.
The skeletal warrior hits you from afar with a halberd!
You block the skeletal warrior's attack.
The skeletal warrior hits you but does no damage.
You hit the skeletal warrior.
The skeletal warrior is heavily damaged.
You hit the skeletal warrior but do no damage.
The skeletal warrior hits you with a battleaxe!
* * * LOW HITPOINT WARNING * * *
The skeletal warrior hits you from afar with a halberd!
* * * LOW HITPOINT WARNING * * *
You block the skeletal warrior's attack. x2
You slash the skeletal warrior!
The skeletal warrior is severely damaged.
You hit the skeletal warrior but do no damage.
The skeletal warrior hits you with a battleaxe!
* * * LOW HITPOINT WARNING * * *
You block the skeletal warrior's attack.
The skeletal warrior hits you with a war axe!
You die...

#### #..#
#..# #..#
#..# #..#
#@z# # #
#z##.#
###.#.#zz..#
........####
........#
#.......#
....8...#
#.......#
#.......#


You could see 4 skeletal warriors.

Vanquished Creatures
  A frost giant (IceCv)
  Snorg (Lair:3)
  2 catoblepae
  A queen ant (Lair:4)
  2 death yaks (IceCv)
  Pikel (D:3)
  A cyclops (D:7)
  14 elephants
  An ice statue (IceCv)
  2 black mambas (Lair:6)
  A gargoyle (D:11)
  11 spiny frogs
  6 komodo dragons
  4 rime drakes
  2 guardian mummies (D:11)
  A jumping spider (Lair:3)
  2 trolls (D:10)
  19 polar bears
  A slime creature (D:7)
  6 hornets
  12 hippogriffs
  7 dream sheep (Lair:6)
  14 spriggans
  57 yaks
  A vampire (D:10)
  2 redbacks
  5 wyverns
  A basilisk (Lair:6)
  A hungry ghost (D:11)
  Edmund (D:4)
  14 soldier ants (Lair:4)
  9 water moccasins
  12 porcupines
  A sky beast (D:11)
  13 ice beasts
  6 black bears
  3 orc warriors
  28 wolves
  A necrophage (D:11)
  8 ogres
  4 phantoms
  3 boggarts (Lair:6)
  12 centaurs
  11 crocodiles
  4 big kobolds
  13 bullfrogs
  3 scorpions
  4 killer bees (D:11)
  12 wights
  4 electric eels (Lair:6)
  2 crimson imps
  4 hounds
  A jelly (D:10)
  2 centaur zombies
  A bullfrog skeleton (D:4)
  A centaur skeleton (D:7)
  4 orc priests
  4 iguanas
  7 orc wizards
  26 worker ants
  A hound zombie (D:11)
  A hound skeleton (D:6)
  2 howler monkey zombies
  8 gnolls
  11 adders
  2 shadow imps (D:7)
  An ufetubus (D:12)
  An adder zombie (D:8)
  3 worms (D:2)
  3 dart slugs
  7 leopard geckos
  19 orcs
  A ball python (D:4)
  4 bats
  3 giant cockroaches
  5 goblins
  7 hobgoblins
  20 jackals
  4 quokkas
  A ball python skeleton (D:5)
  5 frilled lizards
  12 kobolds
  A quokka skeleton (D:5)
  10 rats
  2 fungi
531 creatures vanquished.

Vanquished Creatures (others)
  2 entropy weavers
  6 hydras
  An unseen horror (D:11)
  A polar bear (IceCv)
  A meliai (D:7)
  A soldier ant (Lair:4)
  An orc wizard (D:4)
  An adder (D:4)
  2 orcs (D:4)
  A jackal (D:4)
  A bush (Lair:3)
  7 fungi
  6 plants
31 creatures vanquished.

Grand Total: 562 creatures vanquished

Notes
Turn   | Place    | Note
-------+----------+-------------------------------------------
     0 | Abyss:1  | Gargoyl the Ghoul Abyssal Knight began the quest for the Orb.
     0 | Abyss:1  | Reached XP level 1. HP: 19/19 MP: 1/1
    27 | Abyss:2  | Found a corrupted altar of Lugonu.
    79 | Abyss:2  | Got a polished plate armour
    90 | Abyss:2  | Identified the +7 plate armour "Cioriutz" {*Contam rN++ Regen+ Int+2} (You found it on level 2 of the Abyss)
    97 | Abyss:2  | Noticed a smoke demon
    97 | D:1      | Escaped the Abyss
   196 | D:1      | Reached skill level 1 in Dodging
   199 | D:1      | Reached * piety under Lugonu
   199 | D:1      | Reached XP level 2. HP: 21/26 MP: 2/2
   206 | D:1      | Reached skill level 2 in Axes
   913 | D:2      | Reached XP level 3. HP: 23/30 MP: 3/3
  1154 | D:2      | Found a blossoming altar of Fedhas.
  1211 | D:2      | Found a snail-covered altar of Cheibriados.
  1214 | D:2      | Reached XP level 4. HP: 40/40 MP: 4/4
  1295 | D:2      | Reached ** piety under Lugonu
  1513 | D:2      | Reached XP level 5. HP: 46/46 MP: 6/6
  1597 | D:2      | Reached skill level 3 in Axes
  1975 | D:3      | Found a faded altar of an unknown god.
  2491 | D:4      | Found a sacrificial altar of Ru.
  2508 | D:4      | Reached XP level 6. HP: 36/52 MP: 7/7
  2535 | D:4      | Noticed Pikel
  2536 | D:4      | Noticed a slave
  2537 | D:4      | Noticed a slave
  2537 | D:4      | Noticed a slave
  2538 | D:4      | Noticed a slave
  2649 | D:3      | Killed Pikel
  2649 | D:3      | Reached skill level 4 in Axes
  2649 | D:3      | Reached XP level 7. HP: 46/60 MP: 8/8
  2719 | D:4      | Noticed Edmund
  2736 | D:4      | Killed Edmund
  2736 | D:4      | Reached skill level 5 in Armour
  2848 | D:4      | Reached skill level 5 in Axes
  2848 | D:4      | Reached XP level 8. HP: 58/67 MP: 10/10
  3312 | D:4      | Found a staircase to the Ecumenical Temple.
  3345 | D:5      | Entered Level 5 of the Dungeon
  3345 | D:5      | Found a blossoming altar of Fedhas.
  3878 | D:5      | Found a stormy altar of Qazlal.
  3885 | D:5      | Found a white marble altar of Elyvilon.
  4202 | D:5      | Reached *** piety under Lugonu
  4337 | D:6      | Reached skill level 6 in Axes
  4404 | D:5      | Reached skill level 7 in Axes
  4404 | D:5      | Reached XP level 9. HP: 77/77 MP: 10/13
  4785 | D:6      | Found Nafedakk's General Store.
  4793 | D:6      | Bought a potion of heal wounds for 70 gold pieces
  5048 | D:6      | Reached XP level 10. HP: 84/84 MP: 14/14
  5481 | D:7      | Found a radiant altar of Vehumet.
  5705 | D:7      | Reached skill level 8 in Axes
  5728 | D:7      | Noticed a seven-headed hydra
  5773 | D:7      | Reached **** piety under Lugonu
  5803 | D:7      | Banished a seven-headed hydra
  6090 | D:7      | Noticed a cyclops
  6105 | D:7      | Killed a cyclops
  6392 | D:8      | Found an opulent altar of Gozag.
  6432 | D:8      | Identified a scroll of acquirement
  6536 | D:8      | Found a burning altar of Makhleb.
  6696 | D:8      | Found a staircase to the Lair.
  6791 | D:8      | Reached XP level 11. HP: 92/92 MP: 16/16
  6967 | Lair:1   | Entered Level 1 of the Lair of Beasts
  7182 | Lair:1   | Reached skill level 9 in Axes
  7827 | Lair:2   | Noticed a four-headed hydra
  7829 | Lair:2   | Banished a four-headed hydra
  8771 | Lair:3   | Found a staircase to the Shoals.
  8814 | Lair:2   | Reached skill level 10 in Armour
  8858 | Lair:3   | Reached XP level 12. HP: 62/100 MP: 18/18
  8937 | Lair:3   | Noticed Snorg
  8982 | Lair:3   | Killed Snorg
  8982 | Lair:3   | Reached skill level 10 in Axes
  9139 | Lair:3   | Reached skill level 10 in Invocations
  9226 | Lair:3   | Found a hole to the Spider Nest.
 10040 | Lair:4   | Reached ***** piety under Lugonu
 10288 | Lair:4   | Noticed a six-headed hydra
 10340 | Lair:4   | Banished a six-headed hydra
 10584 | Lair:4   | Reached XP level 13. HP: 60/110 MP: 20/20
 11120 | Lair:4   | Noticed an entropy weaver
 11258 | Lair:3   | Banished an entropy weaver
 11365 | Lair:4   | Noticed an entropy weaver
 11376 | Lair:4   | Banished an entropy weaver
 11713 | Lair:5   | Reached skill level 11 in Axes
 11829 | Lair:5   | Found a frozen archway.
 11887 | IceCv    | Entered an ice cave
 12276 | IceCv    | Noticed a frost giant
 12302 | IceCv    | Killed a frost giant
 12302 | IceCv    | Reached skill level 12 in Axes
 12315 | IceCv    | Reached XP level 14. HP: 85/118 MP: 21/21
 12349 | IceCv    | Reached skill level 10 in Fighting
 12378 | IceCv    | Got a pitted crystal amulet
 12386 | IceCv    | Identified the amulet "Odij" {Reflect Dex+4 SH+4} (You found it in an ice cave)
 12418 | Lair:5   | Found a staircase to the Slime Pits.
 12942 | Lair:6   | Entered Level 6 of the Lair of Beasts
 13279 | Lair:6   | Found a snail-covered altar of Cheibriados.
 13391 | Lair:6   | Reached skill level 1 in Shields
 14017 | Lair:6   | Reached ****** piety under Lugonu
 14279 | Lair:6   | Reached skill level 13 in Axes
 14925 | D:10     | Entered Level 10 of the Dungeon
 15011 | D:10     | Found Kiapp's Food Emporium.
 15665 | D:11     | Got a brightly glowing pewter ring
 15666 | D:11     | Identified the ring "Cagum" {rPois rF+ Str+2} (You found it on level 11 of the Dungeon)
 16144 | D:11     | Found a portal to a secret trove of treasure.
 16394 | D:12     | Slain by a skeletal warrior

Skill      XL: |  1  2  3  4  5  6  7  8  9 10 11 12 13 14 |
---------------+-------------------------------------------+-----
Dodging        | 1 3 4 |  4.4
Axes           | 2 3 4 5 7 8 9 10 12 13 | 13.3
Armour         | 2 3 4 5 7 8 10 11 12 | 12.5
Invocations    | 3 4 7 8 9 11 12 | 12.7
Fighting       | 4 6 7 8 9 10 | 10.5
Throwing       | 3 |  3.4
Evocations     | 3 |  3.3
Shields        | 3 |  3.7

Action                   |  1- 3 |  4- 6 |  7- 9 | 10-12 | 13-15 || total
-------------------------+-------+-------+-------+-------+-------++-------
Melee: Hand axe          |   171 |   190 |    72 |   532 |    21 ||   986
       War axe           |       |    47 |   107 |       |       ||   154
       Broad axe         |       |       |    74 |   419 |  1153 ||  1646
Throw: Tomahawk          |       |       |     2 |     8 |       ||    10
Invok: Depart the Abyss  |     1 |       |       |       |       ||     1
       Banish            |       |       |       |    12 |     9 ||    21
       Bend Space        |       |       |       |     1 |       ||     1
Evoke: Wand              |       |       |     4 |       |       ||     4
  Use: Scroll            |     3 |       |    18 |     8 |    10 ||    39
       Potion            |       |     5 |     1 |     5 |     4 ||    15
  Eat: Chunk             |     9 |    15 |     8 |   150 |    72 ||   254
Armor: Plate armour      |   186 |   247 |   251 |  1154 |  1215 ||  3053
Dodge: Dodged            |    40 |    58 |   106 |   492 |   449 ||  1145
Block: Large shield      |       |       |       |       |   761 ||   761
       Other             |       |       |       |       |    12 ||    12
       Reflection        |       |       |       |       |     4 ||     4
